AoeStats
← All Conquistadors Are BSTRD

Arabia

510568708Analyzed
1v1 RM · 21h ago on Oct 1, 2026· 23m 54s· 2 players
Game mode
Random Map
Map size
Tiny (2 player)
Population
200
Speed
Normal
Resources
Standard
Victory
Conquest
Starting age
Dark Age
Ending age
Imperial Age
RankedLock teamsTeams togetherTeam positionsShared explorationLock speedFull tech treeHidden civsTurbo modeCheats
Victory
Defeat
🇬🇧 Khmer · United Kingdom
1252
+17
1264
-17
SkulduggeryNow
9:40 Loom
11:43 Feudal Age
10:05 Loom
16:20 Castle Age
14:09 Horse Collar
14:56 Double-Bit Axe
19:38 Bloodlines
23:46 Bow Saw
All Conquistadors Are BSTRD
5:49 Loom
9:09 Feudal Age
9:19 Man-at-Arms
11:44 Town Watch
11:46 Double-Bit Axe
13:44 Horse Collar
18:00 Wheelbarrow
22:37 Castle Age
22:20 Bloodlines
22:29 Scale Barding Armor
22:35 Forging
24:21 Husbandry
Connection lost

Rejoining the realm…

Still unreachable

The connection could not be restored.

Session expired

The server has moved on; the page needs a fresh start.